 Dungeon Crawl Stone Soup version 0.18.1-50-g88ac8fd (webtiles) character file.

78 Krapule the Insei (level 4, -1/24 HPs)
             Began as a Vine Stalker Monk on Oct 24, 2016.
             Slain by a sky beast (4 damage)
             ... on level 2 of the Dungeon.
             The game lasted 00:07:42 (737 turns).

Krapule the Insei (Vine Stalker Monk)                Turns: 737, Time: 00:07:42

Health: -1/24      AC:  5    Str: 13    XL:     4   Next: 36%
Magic:  0/5        EV: 13    Int: 10    God:
Gold:   29         SH:  0    Dex: 18    Spells: 0 memorised, 3 levels left

rFire  . . .     SeeInvis .       - Unarmed
rCold  + . .     Gourm    .     d - +1 leather armour {rPois}
rNeg   . . .     Faith    .     (no shield)
rPois  +         Spirit   +     e - +0 helmet
rElec  .         Dismiss  .     (no cloak)
rCorr  .         Reflect  .     (no gloves)
SustAt .         Harm     .     (no boots)
MR     .....                    (no amulet)
Stlth  ++........               (no ring)
                                h - ring of protection from cold

@: not resistant to hostile enchantments, unstealthy
A: fangs 2, regeneration 1, magic shield, antimagic bite, no device heal 3, rot
immunity
a: no special abilities


You were on level 2 of the Dungeon.
You were not hungry.

You visited 1 branch of the dungeon, and saw 5 of its levels.

You collected 29 gold pieces.

Inventory:

Armour
 d - a +1 leather armour of poison resistance (worn)
 e - a +0 helmet (worn)
Jewellery
 h - a ring of protection from cold (left hand)
Scrolls
 a - a scroll of amnesia {unknown}
 f - 2 scrolls of identify {unknown}
Potions
 c - a potion of cure mutation {unknown}
 g - a potion of curing {unknown}
Comestibles
 b - a bread ration


   Skills:
 + Level 3.1 Fighting
 - Level 1.0 Armour
 + Level 2.9 Dodging
 + Level 3.4 Stealth
 + Level 4.3 Unarmed Combat


You had 3 spell levels left.
You didn't know any spells.

Dungeon Overview and Level Annotations

Branches:
Dungeon (5/15)
 Temple: D:4-7

Altars:

Annotations:
D:4 Dowan; Duvessa
D:5 Edmund; RudyRod's ghost, novice DsWz


Innate Abilities, Weirdness & Mutations

You have extremely sharp teeth.
Your natural rate of healing is unusually fast.
When hurt, damage is shared between your health and your magic reserves.
Your bite disrupts and absorbs the magic of your enemies.
Potions and wands cannot restore your health.
You are immune to rotting.


Message History

The sky beast flickers out of sight!
Deactivating autopickup; reactivate with Ctrl-A.
A sky beast appears from thin air!
Reactivating autopickup.
There is a stone staircase leading down here.
The sky beast flickers out of sight!
Deactivating autopickup; reactivate with Ctrl-A.
There is a stone staircase leading up here.
Something hits you. Something shocks you.
* * * LOW HITPOINT WARNING * * *
You climb upwards.
An adder and an ooze come into view.
There is a stone staircase leading down here.
You completely miss something.
The ooze quivers.
Something barely misses you. Something hits you.
* * * LOW HITPOINT WARNING * * *
Something shocks you.
You die...

# .## .. #. #
#.####.##..
####..>.J.....
#....@S.#.#..#
#.####..# #..#
..... ......
..##### ...#
##


You could see an ooze and an adder.

Vanquished Creatures
  A giant frog skeleton (D:4)
  An iguana (D:4)
  2 dart slugs (D:1)
  5 orcs (D:4)
  A giant cockroach (D:1)
  3 goblins
  A hobgoblin (D:1)
  A quokka (D:5)
  A rat (D:3)
16 creatures vanquished.

Notes
Turn   | Place    | Note
--------------------------------------------------------------
     0 | D:1      | Krapule the Vine Stalker Monk began the quest for the Orb.
     0 | D:1      | Reached XP level 1. HP: 11/11 MP: 2/2
   150 | D:1      | Reached XP level 2. HP: 16/16 MP: 3/3
   337 | D:3      | You fall through a shaft for 2 floors!
   337 | D:5      | Entered Level 5 of the Dungeon
   348 | D:5      | Noticed Edmund
   365 | D:5      | Noticed RudyRod's ghost (novice DsWz)
   421 | D:5      | Noticed a scorpion
   496 | D:4      | Noticed Duvessa
   498 | D:4      | Noticed Dowan
   563 | D:4      | Reached skill level 1 in Armour
   563 | D:4      | Reached XP level 3. HP: 16/19 MP: 4/4
   637 | D:4      | Noticed a sky beast
   681 | D:4      | Reached XP level 4. HP: 20/24 MP: 3/5
   737 | D:2      | Slain by a sky beast

Skill      XL: |  1  2  3 |
---------------+----------+-----
Armour         | 1 |  1.0
Stealth        | 3 |  3.4
Fighting       | 3 |  3.1
Dodging        | |  2.9
Unarmed Combat | |  4.3

Action                   |  1- 3 |  4- 6 || total
-------------------------+-------+-------++-------
Melee: Unarmed           |    74 |    10 ||    84
       Bite              |    31 |     2 ||    33
       Punch             |     1 |       ||     1
 Stab: Sleeping          |     2 |       ||     2
Armor: Ring mail         |     2 |       ||     2
       Leather armour    |     9 |     2 ||    11
Dodge: Dodged            |    46 |     6 ||    52
